 Dungeon Crawl Stone Soup version 0.32-a0-779-g362cfcae2a (webtiles) character file.

Game seed: 11744926983787826754

252 pokeman the Magician (level 5, -4/29 HPs)
             Began as a Deep Elf Hedge Wizard on Mar 19, 2024.
             Slain by a river rat (8 damage)
             ... in a sewer.
             The game lasted 00:07:05 (2887 turns).

pokeman the Magician (Deep Elf Hedge Wizard)        Turns: 2887, Time: 00:07:06

Health: -4/29      AC:  4    Str:  7    XL:     5   Next: 89%
Magic:  9/16       EV: 12    Int: 21    God:
Gold:   82         SH:  0    Dex: 14    Spells: 9/17 levels left

rFire   . . .        a - +0 dagger
rCold   . . .        (no shield)
rNeg    . . .        b - +0 robe
rPois   .            c - +0 hat
rElec   .            e - +0 cloak
rCorr   .            j - +0 pair of gloves
SInv    .            (no boots)
Will    .....        (no amulet)
Stlth   +            (no ring)
HPRegen 0.24/turn    (no ring)
MPRegen 0.15/turn

%: no passive effects
@: very slightly contaminated, very slow
A: no striking features
a: no special abilities


You were in a sewer.
You visited 1 branch of the dungeon, and saw 3 of its levels.
You also visited: Sewer.

You collected 82 gold pieces.

Inventory:

Hand Weapons
 a - a +0 dagger (weapon)
Missiles
 q - a curare-tipped dart
Armour
 b - a +0 robe (worn)
 c - a +0 hat (worn)
 e - a +0 cloak (worn)
 j - a +0 pair of gloves (worn)
Magical Staves
 m - a staff of fire
Scrolls
 g - 3 scrolls of poison {unknown}
 h - a scroll of vulnerability {unknown}
 i - a scroll of fog {unknown}
 n - a scroll of immolation {unknown}
 p - a scroll of enchant armour {unknown}
Potions
 d - a potion of magic
 f - a potion of curing
 k - a potion of might {unknown}
 l - a potion of enlightenment {unknown}
 o - 2 potions of mutation {unknown}
 r - a potion of experience {unknown}


   Skills:
 - Level 1.0 Fighting
 - Level 1.0 Armour
 - Level 3.0 Dodging
 - Level 3.1 Stealth
 * Level 6.5 Spellcasting
 + Level 2.9 Conjurations
 - Level 1.1 Summonings
 - Level 1.1 Translocations
 + Level 0.9 Fire Magic
 + Level 0.7 Air Magic
 + Level 0.8 Alchemy
 + Level 0.7 Evocations


You had 9 spell levels left.
You knew the following spells:

 Your Spells              Type           Power      Damage    Failure   Level
a - Magic Dart            Conj           76%        1d6       2%          1
b - Mephitic Cloud        Conj/Alch/Air  13%        N/A       16%         3
c - Call Imp              Summ           22%        N/A       9%          2
d - Blink                 Tloc           22%        N/A       9%          2

Your spell library contained the following spells:

 Spells                   Type           Power      Damage    Failure   Level
 Apportation              Tloc           22%        N/A       6%          1
 Slow                     Hex            24%        N/A       10%         1
 Cigotuvi's Dreadful Rot  Necr/Alch/Air  18%        N/A       12%         2
 Jinxbite                 Hex            12%        N/A       14%         2
 Hailstorm                Conj/Ice       12%        3d6       16%         3
 Summon Ice Beast         Ice/Summ       9%         N/A       22%         3
 Frozen Ramparts          Ice            12%        1d2       28%         3
 Ozocubu's Armour         Ice            6%         N/A       28%         3
 Alistair's Intoxication  Alch           6%         N/A       88%         5
 Metabolic Englaciation   Hex/Ice        3%         N/A       95%         5
 Permafrost Eruption      Ice/Erth       3%         2x4d2     100%        6
 Sculpt Simulacrum        Ice/Alch       4%         N/A       100%        6


Dungeon Overview and Level Annotations

Branches:
Dungeon (3/15)              Sewer (1/1)

Altars:


Message History

Unknown command.
Your cerulean imp hits the kobold brigand with a -3 spear.
The river rat is engulfed in noxious fumes.
The river rat appears confused.
The river rat bites you.
* * * LOW HITPOINT WARNING * * *
The kobold brigand hits your cerulean imp with a +0 dagger.
Your cerulean imp barely misses the kobold brigand.
The river rat is engulfed in noxious fumes.
The river rat appears confused.
The river rat barely misses you.
The kobold brigand splashes around in the water.
You hit the river rat but do no damage.
The river rat is heavily wounded.
Your cerulean imp hits the kobold brigand with a -3 spear.
The river rat is engulfed in noxious fumes.
The river rat appears confused.
Unknown command.
Casting: Mephitic Cloud (quite dangerous; 16% risk of failure)
Confirm with . or Enter, or press ? or * to list all spells.
Aiming: Magic Dart (safe; 2% risk of failure)
Press: ? - help, Shift-Dir - straight line, f/p - river rat
Aim: a river rat (heavily wounded, confused, 100% to hit)
You miscast Magic Dart.
You are very lightly contaminated with residual magic.
Nothing appears to happen.
Your cerulean imp barely misses the kobold brigand.
The kobold brigand hits your cerulean imp but does no damage.
Casting: Magic Dart (safe; 2% risk of failure)
Confirm with . or Enter, or press ? or * to list all spells.
Aiming: Magic Dart (safe; 2% risk of failure)
Press: ? - help, Shift-Dir - straight line, f/p - river rat
Aim: a river rat (heavily wounded, confused, 100% to hit)
The magic dart hits the river rat but does no damage.
The river rat is heavily wounded.
Your cerulean imp completely misses the kobold brigand.
Unknown command.
You hit the river rat.
The river rat is heavily wounded.
Your cerulean imp hits the kobold brigand but does no damage.
The river rat bites you!
You die...

~.P ..~ #~# ≈≈≈~.~.~ #K#
#≈≈≈≈≈≈≈ #K# #≈≈≈≈≈≈≈ #5#
#≈≈≈≈≈≈≈ #~# #≈≈≈≈≈≈≈
≈≈≈≈≈≈≈#~# #≈≈≈≈≈≈≈
≈≈≈≈≈≈≈≈≈#@#≈≈≈≈≈#≈#≈≈≈≈≈≈≈
≈≈≈≈≈≈≈≈≈≈#r#≈≈≈≈≈#≈#≈≈≈.~..
≈≈≈≈≈≈≈≈≈≈≈#~#≈≈≈≈≈#P#~~....~
≈≈≈≈≈≈≈≈≈≈≈#~#≈≈~~~P...~.~..#
≈≈≈≈≈≈≈≈...#~#~~~PP.P~.~...##
≈≈≈≈≈≈≈≈...#~#~~~~~.~~.~~.##
≈≈≈≈≈≈≈~~~~.~...~.~÷~~~~.##
≈≈≈≈≈≈≈.~....PP~~~.÷.)~.##
≈≈≈≈≈≈P...~...~......~.##


You could see a kobold brigand (confused, ally target), a river rat (confused),
a kobold and a friendly cerulean imp (summoned).

Vanquished Creatures
  A river rat (Sewer)
  5 adders
  A dart slug (D:1)
  4 endoplasms
  A giant cockroach (D:3)
  3 goblins (D:2)
  5 hobgoblins
  4 jackals (Sewer)
  10 kobolds
  2 quokkas (D:1)
  5 ball pythons
  7 bats
  4 frilled lizards
  3 rats
55 creatures vanquished.

Vanquished Creatures (collateral kills)
  A kobold brigand (Sewer)
  A brain worm (Sewer)
  A ball python (Sewer)
  A kobold (Sewer)
4 creatures vanquished.

Grand Total: 59 creatures vanquished

Notes
Turn   | Place    | Note
-------+----------+-------------------------------------------
     0 | D:1      | pokeman the Deep Elf Hedge Wizard began the quest for the
                  | Orb.
     0 | D:1      | Reached XP level 1. HP: 10/10 MP: 7/7
   525 | D:1      | Reached XP level 2. HP: 13/16 MP: 1/9
  1032 | D:1      | Reached skill level 5 in Spellcasting
  1286 | D:2      | Found a faded altar of an unknown god.
  1343 | D:2      | Reached XP level 3. HP: 20/20 MP: 9/11
  1347 | D:2      | Learned a level 3 spell: Mephitic Cloud
  1350 | D:2      | Learned a level 2 spell: Call Imp
  1353 | D:2      | Learned a level 2 spell: Blink
  2144 | D:3      | Found a glowing drain.
  2177 | D:3      | Reached skill level 1 in Fighting
  2177 | D:3      | Reached skill level 1 in Armour
  2215 | Sewer    | Entered a sewer
  2315 | Sewer    | Reached XP level 4. HP: 25/25 MP: 9/13
  2556 | Sewer    | Noticed a kobold brigand
  2583 | Sewer    | Killed a kobold brigand
  2584 | Sewer    | Reached skill level 6 in Spellcasting
  2584 | Sewer    | Reached XP level 5. HP: 11/29 MP: 2/15
  2887 | Sewer    | Slain by a river rat

Illustrated notes

Levels and vault maps discovered:
D:1:      dpeg_arrival_chambers_temple_mockup, layout_basic, minmay_pentomino_o4
D:2:      layout_basic, ebering_ecumenical_altar_box, minmay_misc_feat_pillars
D:3:      layout_basic, gup_sewer_entry_glass, grunt_ministairs_15
Sewer:    sewer_co_scattered_pipes

Skill      XL: |  1  2  3  4 |
---------------+-------------+-----
Spellcasting   | 5 6 |  6.5
Fighting       | 1 |  1.0
Armour         | 1 |  1.0
Conjurations   | 2 |  2.9
Dodging        | 3 |  3.0
Stealth        | 3 |  3.1
Summonings     | |  1.1
Translocations | |  1.1
Fire Magic     | |  0.9
Air Magic      | |  0.7
Alchemy        | |  0.8
Evocations     | |  0.7

Action                     |  1- 3 |  4- 6 || total
---------------------------+-------+-------++-------
  Melee: Dagger            |    29 |    42 ||    71
   Cast: Magic Dart        |   111 |    32 ||   143
         Call Imp          |     2 |     4 ||     6
         Mephitic Cloud    |       |     4 ||     4
    Use: Potion            |       |     1 ||     1
   Stab: Confused          |       |     4 ||     4
 Armour: Robe              |    25 |    26 ||    51
  Dodge: Dodged            |    31 |    38 ||    69

Table legend: (Time is in decaauts)
 A = Elapsed time spent in this place.
 B = Non-inter-level travel time spent in this place.
 C = Inter-level travel time spent in this place.
 D = Time resting spent in this place.
 E = Time spent auto-exploring this place.
 F = Levels seen in this place.
 G = Mean time per level.
                   A        B        C        D        E       F      G
               +--------+--------+--------+--------+--------+-----+--------+
         Total |   2952 |   2919 |     33 |    140 |   2111 |   4 |  738.0 |
       Dungeon |   2215 |   2182 |     33 |     70 |   1681 |   3 |  738.3 |
         Sewer |    737 |    737 |      0 |     70 |    430 |   1 |  737.0 |
               +--------+--------+--------+--------+--------+-----+--------+

Top non-repeatable levels by time:
     D:1: 1238 daAuts
   Sewer: 737 daAuts
     D:2: 671 daAuts
     D:3: 305 daAuts
